Ice Dragons vs Demolitions (R1)

Created - 15 octobre 2014 at 23:45

Goals
1 2 3 T
Ice Dragons 2 3 2 7
Demolitions 0 1 2 3
Shots
1 2 3 T
Ice Dragons 13 16 7 36
Demolitions 7 14 13 34

1st period

1. Ice Dragons , Alexander Radulov 6 (Martin Hanzal, Mats Zuccarello) at 5:54 (PP)
2. Ice Dragons , Martin Hanzal 6 (Mats Zuccarello, Alexander Radulov) at 13:02 (PP)

Penalties :
Anthony Stewart (Vic) for High sticking (Minor) at 5:30, Martin Hanzal (Val) for Hooking (Minor) at 7:33, Konstantin Pushkarev (Vic) for Hooking (Minor) at 12:49

2nd period

3. Ice Dragons , Patrick O'Sullivan 4 (Troy Brouwer, Cal Clutterbuck) at 1:21
4. Ice Dragons , Mats Zuccarello 7 (Martin Hanzal, Adam Pardy) at 6:46
5. Ice Dragons , Kris Beech 4 (Boris Valabik) at 9:12
6. Demolitions , Brandon Dubinsky 5 (Bobby Butler, Anthony Stewart) at 17:05 (PP)

Penalties :
Bobby Butler (Vic) for Hooking (Minor) at 3:42, Brandon Dubinsky (Vic) for Hooking (Minor) at 7:03, Boris Valabik (Val) for Interference (Minor) at 16:53

3rd period

7. Ice Dragons , Mats Zuccarello 8 (Martin Hanzal) at 1:01 (PP)
8. Demolitions , Brad Richardson 7 (Seth Helgeson) at 2:35 (PP)
9. Ice Dragons , Cal Clutterbuck 5 (Matt Walker) at 16:05
10. Demolitions , Daniel Paille 5 (T.J. Hensick) at 17:33 (PP)

Penalties :
Seth Helgeson (Vic) for Tripping (Minor) at 0:03, Patrick O'Sullivan (Val) for Holding (Minor) at 1:45, Anton Babchuk (Vic) for Fighting (Major) at 2:39, Boris Valabik (Val) for Fighting (Major) at 2:39, Frazer Mclaren (Val) for Hooking (Minor) at 16:53, Brandon Dubinsky (Vic) for Fighting (Major) at 17:37, Mats Zuccarello (Val) for Fighting (Major) at 17:37

Goalie Stats

Justin Pogge (Val), 31 saves from 34 shots - (0,912), W, 1-1-0, 60:00 minutes
Brent Krahn (Vic), 15 saves from 19 shots - (0,789), L, 0-5-0, 26:46 minutes
Chad Johnson (Vic), 14 saves from 17 shots - (0,824), 33:14 minutes

Players Stats for Ice Dragons

Player Name              G  A  P  +/- PIM S  H  SB GA TA FO     MP     PP MP  PK MP  
------------------------------------------------------------------------------------
Adam Pardy               0  1  1   1  0   0  4  2  1  1  0/0    25:42   3:23   2:17 
Alexander Radulov        1  1  2   1  0   4  0  1  1  0  0/4    19:53   3:12   0:00 
Boris Valabik            0  1  1   2  7   2  0  0  0  1  0/0    16:17   2:10   2:05 
Brayden McNabb           0  0  0   0  0   1  0  0  0  0  0/0     7:23   0:00   0:00 
Cal Clutterbuck          1  1  2   2  0   2  3  0  0  0  1/2    16:28   2:14   0:55 
Danny Syvret             0  0  0   0  0   0  0  1  0  0  0/0     8:59   0:00   1:24 
Frazer Mclaren           0  0  0   0  2   0  0  0  0  0  0/0     7:58   0:00   0:00 
John Mitchell            0  0  0   0  0   2  0  1  0  0  0/1     8:19   0:00   0:20 
Jonathan Blum            0  0  0   2  0   0  0  0  0  0  0/0    11:44   2:10   0:12 
Kevin Klein              0  0  0   1  0   1  2  1  0  1  0/0    25:01   3:23   1:24 
Kris Beech               1  0  1   1  0   6  2  0  1  0  3/13   15:13   0:00   2:26 
Martin Hanzal            1  3  4   1  2   5  0  0  0  0  16/38  19:52   3:12   0:00 
Mats Zuccarello          2  2  4   1  5   8  2  0  1  1  1/3    21:24   3:12   2:27 
Matt Walker              0  1  1   1  0   1  0  0  0  0  0/0    13:47   0:00   0:00 
Patrick O'Sullivan       1  0  1   2  2   1  0  0  2  0  5/8    15:39   2:21   0:00 
Paul Bissonnette         0  0  0   1  0   2  1  1  0  0  0/1    13:22   0:00   0:19 
Raymond Sawada           0  0  0   1  0   0  1  0  0  0  1/2    12:47   0:00   0:00 
Shean Donovan            0  0  0   0  0   1  0  1  1  0  0/1     9:01   0:07   0:55 
Troy Brouwer             0  1  1   2  0   0  0  1  0  0  1/1    16:19   2:21   0:00 
Tyler Eckford            0  0  0   1  0   0  1  0  0  1  0/0    11:05   0:00   0:00 

Players Stats for Demolitions

Player Name              G  A  P  +/- PIM S  H  SB GA TA FO     MP     PP MP  PK MP  
------------------------------------------------------------------------------------
Anssi Salmela            0  0  0  -1  0   0  1  1  0  0  0/0    21:11   0:11   2:52 
Anthony Stewart          0  1  1  -3  2   3  1  2  0  0  0/1    25:53   2:17   2:50 
Anton Babchuk            0  0  0  -4  5   2  1  4  0  1  0/0    23:11   0:00   2:49 
Bobby Butler             0  1  1  -1  2   2  2  0  1  0  2/2    15:16   2:17   0:00 
Brad Richardson          1  0  1  -1  0   2  2  1  1  0  0/0    15:14   1:24   0:48 
Brandon Dubinsky         1  0  1  -3  7   5  4  2  0  2  28/40  24:20   2:17   2:19 
Corban Knight            0  0  0  -1  0   1  1  0  0  0  1/2     9:47   0:00   0:53 
Daniel Paille            1  0  1  -2  0   4  2  1  1  1  1/6    24:00   1:24   1:55 
Darren Helm              0  0  0   0  0   1  0  0  0  0  3/6    10:31   0:00   0:22 
Jordan LaVallee          0  0  0   0  0   3  0  0  0  0  0/0     9:34   0:00   0:24 
Konstantin Pushkarev     0  0  0   0  2   0  3  0  0  1  1/1    10:42   0:00   1:35 
Kyle Cumiskey            0  0  0   0  0   0  1  1  0  0  0/0     8:14   1:12   0:13 
Peter Harrold            0  0  0  -1  0   2  0  1  1  1  0/0    22:24   0:47   2:34 
Robert Klinkhammer       0  0  0   0  0   4  1  0  0  0  0/0     7:47   0:00   0:00 
Seth Helgeson            0  1  1  -2  2   0  2  0  0  0  0/0    23:11   2:18   0:15 
Spencer Machacek         0  0  0   0  0   0  0  0  0  1  0/0     7:47   0:00   0:00 
T.J. Hensick             0  1  1  -1  0   2  2  0  1  0  10/16  14:26   1:24   0:00 
Tim Erixon               0  0  0   0  0   3  0  1  0  0  0/0    20:52   2:54   2:23 

3 Stars

1 - Mats Zuccarello (Val)
2 - Cal Clutterbuck (Val)
3 - Martin Hanzal (Val)

Power Play

Ice Dragons - 3 on 5 Attempt(s) - 60,00%
Demolitions - 3 on 4 Attempt(s) - 75,00%

Penalty Kill

Ice Dragons - 1 on 4 Attempt(s) - 25,00% - Score 0 goal in Penalty Kill
Demolitions - 2 on 5 Attempt(s) - 40,00% - Score 0 goal in Penalty Kill

Official

Referees : Rehman Kyle and O'Halloran Dan
Linesman : Darren Gibbs and Brad Lazarowich

Game Notes

Kyle Cumiskey is injured at 18:29 of 1st period (Right Leg)
Chad Johnson enters game at 6:46 of 2nd period
Anton Babchuk and Boris Valabik fight to a draw at 2:39 of 3rd period
Brandon Dubinsky and Mats Zuccarello fight to a draw at 17:37 of 3rd period

Finance

Level 1 -- Attendance: 1532 (76,60%) -- Ticket Income 53 620 $
Level 2 -- Attendance: 675 (67,50%) -- Ticket Income 10 125 $
Total Attendance: 2207 (73,57%)
Total Ticket Income: 63 745 $
Other Income: 3 187 $
Total Income: 66 932 $

Ice Dragons

5 vs 5 Forward 
   Center                   Left Wing                Right Wing               Time % Phy DF OF 
 1 Martin Hanzal            Mats Zuccarello          Alexander Radulov        39     0   2  3  
 2 Patrick O'Sullivan       Troy Brouwer             Cal Clutterbuck          28     0   2  3  
 3 Kris Beech               Paul Bissonnette         Raymond Sawada           25     1   2  2  
 4 John Mitchell            Frazer Mclaren           Shean Donovan            8      1   3  1  

5 vs 5 Defense 
   Defense                  Defense                                           Time % Phy DF OF 
 1 Adam Pardy               Kevin Klein                                       40     0   2  3  
 2 Matt Walker              Boris Valabik                                     30     0   2  3  
 3 Tyler Eckford            Jonathan Blum                                     20     1   3  1  
 4 Brayden McNabb           Danny Syvret                                      10     1   3  1  

PowerPlay Forward 
   Center                   Left Wing                Right Wing               Time % Phy DF OF 
 1 Martin Hanzal            Mats Zuccarello          Alexander Radulov        60     1   1  3  
 2 Patrick O'Sullivan       Troy Brouwer             Cal Clutterbuck          40     1   1  3  

PowerPlay Defense
   Defense                  Defense                                           Time % Phy DF OF 
 1 Adam Pardy               Kevin Klein                                       60     0   2  3  
 2 Jonathan Blum            Boris Valabik                                     40     0   2  3  

Penalty Kill 4 Players Forward 
   Center                   Wing                     Time % Phy DF OF 
 1 Kris Beech               Mats Zuccarello          60     1   4  0  
 2 Cal Clutterbuck          Shean Donovan            40     1   4  0  

Penalty Kill 4 Players Defense
   Defense                  Defense                  Time % Phy DF OF 
 1 Adam Pardy               Boris Valabik            60     1   4  0  
 2 Kevin Klein              Danny Syvret             40     1   4  0  

Penalty Kill - 3 Players Forward 
   Forward                                           Time % Phy DF OF 
 1 Kris Beech                                        60     0   5  0  
 2 Shean Donovan                                     40     0   5  0  

Penalty Kill - 3 Players Defense
   Defense                  Defense                  Time % Phy DF OF 
 1 Adam Pardy               Boris Valabik            60     0   5  0  
 2 Kevin Klein              Danny Syvret             40     0   5  0  

4 vs 4 Forward 
   Center                   Wing                     Time % Phy DF OF 
 1 Patrick O'Sullivan       Kris Beech               60     0   2  3  
 2 Mats Zuccarello          Troy Brouwer             40     0   2  3  

4 vs 4 Defense
   Defense                  Defense                  Time % Phy DF OF 
 1 Kevin Klein              Jonathan Blum            60     1   3  1  
 2 Danny Syvret             Boris Valabik            40     1   3  1  

Last Minutes Offensive
   Center                   Left Wing                Right Wing               Defense                  Defense                  
   Martin Hanzal            Mats Zuccarello          Alexander Radulov        Adam Pardy               Kevin Klein              

Last Minutes Defensive
   Center                   Left Wing                Right Wing               Defense                  Defense                  
   Kris Beech               Mats Zuccarello          Shean Donovan            Adam Pardy               Boris Valabik            

Goaltenders
Starting : Justin Pogge             
Backup : Anders Nilsson           

Extra Forwards
Normal : Troy Brouwer, Patrick O'Sullivan, Cal Clutterbuck - PP : Mats Zuccarello, Shean Donovan - PK : Martin Hanzal
Extra Defensemen
Normal : Tyler Eckford, Jonathan Blum, Brayden McNabb - PP : Tyler Eckford - PK : Jonathan Blum, Brayden McNabb
Penalty Shots
Martin Hanzal, Troy Brouwer, Alexander Radulov, Mats Zuccarello, Cal Clutterbuck

Demolitions

5 vs 5 Forward 
   Center                   Left Wing                Right Wing               Time % Phy DF OF 
 1 Brandon Dubinsky         Daniel Paille            Anthony Stewart          59     0   0  5  
 2 T.J. Hensick             Bobby Butler             Brad Richardson          30     0   0  5  
 3 Darren Helm              Jordan LaVallee          Konstantin Pushkarev     10     0   2  3  
 4 Corban Knight            Robert Klinkhammer       Spencer Machacek         1      0   3  2  

5 vs 5 Defense 
   Defense                  Defense                                           Time % Phy DF OF 
 1 Kyle Cumiskey            Anton Babchuk                                     40     0   2  3  
 2 Peter Harrold            Anssi Salmela                                     30     0   3  2  
 3 Seth Helgeson            Tim Erixon                                        20     0   2  3  
 4 Kyle Cumiskey            Anton Babchuk                                     10     0   3  2  

PowerPlay Forward 
   Center                   Left Wing                Right Wing               Time % Phy DF OF 
 1 Brandon Dubinsky         Bobby Butler             Anthony Stewart          60     1   2  2  
 2 T.J. Hensick             Daniel Paille            Brad Richardson          40     1   2  2  

PowerPlay Defense
   Defense                  Defense                                           Time % Phy DF OF 
 1 Kyle Cumiskey            Tim Erixon                                        60     1   2  2  
 2 Peter Harrold            Seth Helgeson                                     40     1   2  2  

Penalty Kill 4 Players Forward 
   Center                   Wing                     Time % Phy DF OF 
 1 Brandon Dubinsky         Anthony Stewart          60     1   2  2  
 2 Daniel Paille            Brad Richardson          40     1   2  2  

Penalty Kill 4 Players Defense
   Defense                  Defense                  Time % Phy DF OF 
 1 Kyle Cumiskey            Anton Babchuk            60     1   2  2  
 2 Peter Harrold            Anssi Salmela            40     1   2  2  

Penalty Kill - 3 Players Forward 
   Forward                                           Time % Phy DF OF 
 1 Brandon Dubinsky                                  60     1   2  2  
 2 Anthony Stewart                                   40     1   2  2  

Penalty Kill - 3 Players Defense
   Defense                  Defense                  Time % Phy DF OF 
 1 Kyle Cumiskey            Anton Babchuk            60     1   2  2  
 2 Peter Harrold            Anssi Salmela            40     1   2  2  

4 vs 4 Forward 
   Center                   Wing                     Time % Phy DF OF 
 1 Brandon Dubinsky         Anthony Stewart          60     1   2  2  
 2 Daniel Paille            Brad Richardson          40     1   2  2  

4 vs 4 Defense
   Defense                  Defense                  Time % Phy DF OF 
 1 Kyle Cumiskey            Anton Babchuk            60     1   2  2  
 2 Peter Harrold            Anssi Salmela            40     1   2  2  

Last Minutes Offensive
   Center                   Left Wing                Right Wing               Defense                  Defense                  
   Brandon Dubinsky         Daniel Paille            Anthony Stewart          Kyle Cumiskey            Anton Babchuk            

Last Minutes Defensive
   Center                   Left Wing                Right Wing               Defense                  Defense                  
   Brandon Dubinsky         Daniel Paille            Anthony Stewart          Kyle Cumiskey            Anton Babchuk            

Goaltenders
Starting : Brent Krahn              
Backup : Chad Johnson             

Extra Forwards
Normal : Darren Helm, Jordan LaVallee, Konstantin Pushkarev - PP : Darren Helm, Jordan LaVallee - PK : Konstantin Pushkarev
Extra Defensemen
Normal : Seth Helgeson, Tim Erixon, Peter Harrold - PP : Seth Helgeson - PK : Tim Erixon, Peter Harrold
Penalty Shots
Brandon Dubinsky, Anthony Stewart, Daniel Paille, Brad Richardson, T.J. Hensick

% Time on Ice - Ice Dragons

Lines # - Real PCT - Wanted PCT - Time Play
Normal Forward
1 - 33% - 39% - 16:41
2 - 26% - 28% - 13:19
3 - 25% - 25% - 12:47
4 - 16% - 8% - 7:59
Normal Defense
1 - 39% - 40% - 20:02
2 - 28% - 30% - 14:21
3 - 18% - 20% - 9:00
4 - 15% - 10% - 7:23
PP Forward
1 - 58% - 60% - 3:12
2 - 42% - 40% - 2:21
PP Defense
1 - 61% - 60% - 3:23
2 - 39% - 40% - 2:10
PK Forward
1 - 75% - 60% - 2:46
2 - 25% - 40% - 0:55
PK Defense
1 - 62% - 60% - 2:17
2 - 38% - 40% - 1:24
PK3 Forward
1 - 0% - 60%
2 - 0% - 40%
PK3 Defense
1 - 0% - 60%
2 - 0% - 40%
44 Forward
1 - 0% - 60%
2 - 0% - 40%
44 Defense
1 - 0% - 60%
2 - 0% - 40%
Last Minute Offensive  - 0:00
Last Minute Defensive  - 0:00
Total
Forward - 60:00
Defense - 60:00

% Time on Ice - Demolitions

Lines # - Real PCT - Wanted PCT - Time Play
Normal Forward
1 - 41% - 59% - 20:49
2 - 26% - 30% - 13:02
3 - 18% - 10% - 9:08
4 - 15% - 1% - 7:47
Normal Defense
1 - 42% - 40% - 21:32
2 - 30% - 30% - 15:24
3 - 19% - 20% - 9:28
4 - 9% - 10% - 4:22
PP Forward
1 - 62% - 60% - 2:17
2 - 38% - 40% - 1:24
PP Defense
1 - 79% - 60% - 2:54
2 - 21% - 40% - 0:47
PK Forward
1 - 86% - 60% - 4:45
2 - 14% - 40% - 0:48
PK Defense
1 - 55% - 60% - 3:04
2 - 45% - 40% - 2:29
PK3 Forward
1 - 0% - 60%
2 - 0% - 40%
PK3 Defense
1 - 0% - 60%
2 - 0% - 40%
44 Forward
1 - 0% - 60%
2 - 0% - 40%
44 Defense
1 - 0% - 60%
2 - 0% - 40%
Last Minute Offensive  - 0:00
Last Minute Defensive  - 0:00
Total
Forward - 60:00
Defense - 60:00

Play by Play

1st period


0:01 of 1st period - Brandon Dubinsky wins face-off versus Martin Hanzal in neutral zone.
0:10 of 1st period - Snap shot by Alexander Radulov.
0:10 of 1st period - Stopped by Brent Krahn with a rebound.
0:25 of 1st period - Patrick O'Sullivan is hit by Anton Babchuk and loses puck.
0:32 of 1st period - Wrist shot by Bobby Butler.
0:32 of 1st period - Shot Misses the Net.
0:34 of 1st period - Snap shot by T.J. Hensick.
0:34 of 1st period - Shot Misses the Net.
0:36 of 1st period - Slapshot by Anssi Salmela.
0:36 of 1st period - Shot Blocked by Adam Pardy.
0:38 of 1st period - Slapshot by Peter Harrold.
0:38 of 1st period - Stopped by Justin Pogge without a rebound.
0:39 of 1st period - Darren Helm wins face-off versus Kris Beech in Ice Dragons zone.
0:58 of 1st period - Matt Walker is hit by Konstantin Pushkarev and loses puck.
1:11 of 1st period - Wrist shot by Brad Richardson.
1:11 of 1st period - Stopped by Justin Pogge without a rebound.
1:12 of 1st period - T.J. Hensick wins face-off versus Martin Hanzal in Ice Dragons zone.
1:46 of 1st period - Snap shot by John Mitchell.
1:46 of 1st period - Stopped by Brent Krahn without a rebound.
1:47 of 1st period - Patrick O'Sullivan wins face-off versus Brandon Dubinsky in Demolitions zone.
1:54 of 1st period - Slapshot by Patrick O'Sullivan.
1:54 of 1st period - Shot Blocked by Kyle Cumiskey.
1:56 of 1st period - Wrist shot by Brayden McNabb.
1:56 of 1st period - Stopped by Brent Krahn without a rebound.
1:57 of 1st period - Patrick O'Sullivan wins face-off versus Brandon Dubinsky in Demolitions zone.
2:00 of 1st period - Snap shot by Troy Brouwer.
2:00 of 1st period - Shot Misses the Net.
2:12 of 1st period - Snap shot by Daniel Paille.
2:12 of 1st period - Stopped by Justin Pogge without a rebound.
2:13 of 1st period - Martin Hanzal wins face-off versus Corban Knight in Ice Dragons zone.
2:38 of 1st period - Boris Valabik is hit by Brandon Dubinsky and loses puck.
3:45 of 1st period - Snap shot by Daniel Paille.
3:45 of 1st period - Shot Misses the Net.
3:47 of 1st period - Slapshot by Tim Erixon.
3:47 of 1st period - Stopped by Justin Pogge without a rebound.
3:48 of 1st period - Brandon Dubinsky wins face-off versus Kris Beech in Ice Dragons zone.
4:03 of 1st period - Wrist shot by Kris Beech.
4:03 of 1st period - Deflect By Peter Harrold.
4:03 of 1st period - Stopped by Brent Krahn with a rebound.
4:45 of 1st period - Off-side.
4:46 of 1st period - Mats Zuccarello wins face-off versus Anthony Stewart in neutral zone.
4:53 of 1st period - Snap shot by Alexander Radulov.
4:53 of 1st period - Shot Misses the Net.
5:11 of 1st period - Anton Babchuk is hit by Cal Clutterbuck and loses puck.
5:16 of 1st period - Snap shot by Patrick O'Sullivan.
5:16 of 1st period - Shot Blocked by Anton Babchuk.
5:18 of 1st period - Snap shot by Cal Clutterbuck.
5:18 of 1st period - Shot Blocked by Anton Babchuk.
5:30 of 1st period - Minor Penalty to Anthony Stewart for High sticking.
5:31 of 1st period - Brandon Dubinsky wins face-off versus Martin Hanzal in Demolitions zone.
5:39 of 1st period - Off-side.
5:40 of 1st period - Martin Hanzal wins face-off versus Brandon Dubinsky in neutral zone.
5:43 of 1st period - Anssi Salmela is hit by Adam Pardy and loses puck.
5:54 of 1st period - Snap shot by Alexander Radulov.
5:54 of 1st period - Goal by Alexander Radulov - Ice Dragons : 1 - Demolitions : 0.
5:55 of 1st period - Martin Hanzal wins face-off versus Daniel Paille in neutral zone.
6:00 of 1st period - Slapshot by Alexander Radulov.
6:00 of 1st period - Shot Misses the Net.
6:06 of 1st period - Boris Valabik is hit by Kyle Cumiskey and loses puck.
7:18 of 1st period - Icing by Kevin Klein.
7:19 of 1st period - Brandon Dubinsky wins face-off versus John Mitchell in Ice Dragons zone.
7:28 of 1st period - Snap shot by Anthony Stewart.
7:28 of 1st period - Shot Blocked by Kevin Klein.
7:30 of 1st period - Snap shot by Anton Babchuk.
7:30 of 1st period - Stopped by Justin Pogge without a rebound.
7:31 of 1st period - Martin Hanzal wins face-off versus Daniel Paille in Ice Dragons zone.
7:33 of 1st period - Minor Penalty to Martin Hanzal for Hooking.
7:34 of 1st period - Brandon Dubinsky wins face-off versus Kris Beech in Ice Dragons zone.
8:12 of 1st period - Danny Syvret is hit by Daniel Paille and loses puck.
9:33 of 1st period - Penalty to Martin Hanzal is over, Martin Hanzal is back on ice.
9:59 of 1st period - Snap shot by Robert Klinkhammer.
9:59 of 1st period - Stopped by Justin Pogge without a rebound.
10:00 of 1st period - Martin Hanzal wins face-off versus Darren Helm in Ice Dragons zone.
10:50 of 1st period - Slapshot by Shean Donovan.
10:50 of 1st period - Shot Misses the Net.
10:52 of 1st period - Wrist shot by Shean Donovan.
10:52 of 1st period - Stopped by Brent Krahn without a rebound.
10:53 of 1st period - Martin Hanzal wins face-off versus Brandon Dubinsky in Demolitions zone.
11:24 of 1st period - Icing by Kevin Klein.
11:25 of 1st period - Brandon Dubinsky wins face-off versus Raymond Sawada in Ice Dragons zone.
11:34 of 1st period - Slapshot by Adam Pardy.
11:34 of 1st period - Shot Blocked by Anton Babchuk.
11:36 of 1st period - Snap shot by Kris Beech.
11:36 of 1st period - Deflect By Paul Bissonnette.
11:36 of 1st period - Shot Hit the Post.
11:36 of 1st period - Puck is out of play.
11:37 of 1st period - Martin Hanzal wins face-off versus Brandon Dubinsky in Demolitions zone.
11:40 of 1st period - Snap shot by Martin Hanzal.
11:40 of 1st period - Stopped by Brent Krahn with a rebound.
12:25 of 1st period - Paul Bissonnette is hit by Anssi Salmela and loses puck.
12:49 of 1st period - Minor Penalty to Konstantin Pushkarev for Hooking.
12:50 of 1st period - Brandon Dubinsky wins face-off versus Martin Hanzal in Demolitions zone.
13:02 of 1st period - Slapshot by Martin Hanzal.
13:02 of 1st period - Goal by Martin Hanzal - Ice Dragons : 2 - Demolitions : 0.
13:03 of 1st period - Martin Hanzal wins face-off versus Daniel Paille in neutral zone.
13:28 of 1st period - Anton Babchuk is hit by Cal Clutterbuck and loses puck.
14:38 of 1st period - Slapshot by Shean Donovan.
14:38 of 1st period - Shot Misses the Net.
14:40 of 1st period - Wrist shot by Shean Donovan.
14:40 of 1st period - Deflect By John Mitchell.
14:40 of 1st period - Stopped by Brent Krahn with a rebound.
15:22 of 1st period - Wrist shot by Martin Hanzal.
15:22 of 1st period - Stopped by Brent Krahn with a rebound.
15:32 of 1st period - Matt Walker is hit by Konstantin Pushkarev and loses puck.
15:53 of 1st period - John Mitchell is hit by Bobby Butler and loses puck.
16:16 of 1st period - Cal Clutterbuck is hit by Brandon Dubinsky and loses puck.
16:31 of 1st period - Robert Klinkhammer is hit by Adam Pardy.
16:35 of 1st period - Slapshot by Alexander Radulov.
16:35 of 1st period - Shot Misses the Net.
17:07 of 1st period - John Mitchell is hit by T.J. Hensick and loses puck.
17:58 of 1st period - Snap shot by Alexander Radulov.
17:58 of 1st period - Stopped by Brent Krahn with a rebound.
18:00 of 1st period - Wrist shot by Alexander Radulov.
18:00 of 1st period - Stopped by Brent Krahn with a rebound.
18:10 of 1st period - Slapshot by Kevin Klein.
18:10 of 1st period - Stopped by Brent Krahn without a rebound.
18:11 of 1st period - Brandon Dubinsky wins face-off versus Paul Bissonnette in Demolitions zone.
18:28 of 1st period - Kyle Cumiskey is hit by Kris Beech and loses puck.
18:29 of 1st period - Kyle Cumiskey from Demolitions is injured at 18:29 of 1st period (Right Leg).
18:30 of 1st period - Brandon Dubinsky wins face-off versus Alexander Radulov in Demolitions zone.
18:30 of 1st period - Brandon Dubinsky is hit by Kevin Klein.
19:20 of 1st period - Konstantin Pushkarev is hit by Adam Pardy and loses puck.
19:44 of 1st period - Backhand shot by Peter Harrold.
19:44 of 1st period - Stopped by Justin Pogge without a rebound.
19:45 of 1st period - Kris Beech wins face-off versus Brandon Dubinsky in Ice Dragons zone.
19:47 of 1st period - Icing by Paul Bissonnette.
19:48 of 1st period - Kris Beech wins face-off versus Brandon Dubinsky in Ice Dragons zone.
Goals for this period are 2 for Ice Dragons vs 0 for Demolitions.
Shots for this period are 13 for Ice Dragons vs 7 for Demolitions.

2nd period


0:01 of 2nd period - Brandon Dubinsky wins face-off versus Martin Hanzal in neutral zone.
0:04 of 2nd period - Mats Zuccarello is hit by Seth Helgeson and loses puck.
0:13 of 2nd period - Slapshot by Anthony Stewart.
0:13 of 2nd period - Shot Misses the Net.
0:19 of 2nd period - Anthony Stewart is hit by Kevin Klein and loses puck.
0:32 of 2nd period - Slapshot by Kris Beech.
0:32 of 2nd period - Shot Hit the Post.
0:40 of 2nd period - Wrist shot by Kris Beech.
0:40 of 2nd period - Stopped by Brent Krahn without a rebound.
0:41 of 2nd period - T.J. Hensick wins face-off versus Patrick O'Sullivan in Demolitions zone.
0:51 of 2nd period - Icing by Patrick O'Sullivan.
0:52 of 2nd period - Patrick O'Sullivan wins face-off versus T.J. Hensick in Ice Dragons zone.
1:21 of 2nd period - Backhand shot by Patrick O'Sullivan.
1:21 of 2nd period - Goal by Patrick O'Sullivan - Ice Dragons : 3 - Demolitions : 0.
1:22 of 2nd period - Brandon Dubinsky wins face-off versus Martin Hanzal in neutral zone.
1:57 of 2nd period - Snap shot by T.J. Hensick.
1:57 of 2nd period - Deflect By Bobby Butler.
1:57 of 2nd period - Shot Misses the Net.
1:57 of 2nd period - Puck is out of play.
1:58 of 2nd period - Brandon Dubinsky wins face-off versus Kris Beech in Ice Dragons zone.
2:01 of 2nd period - Wrist shot by Brandon Dubinsky.
2:01 of 2nd period - Shot Blocked by Paul Bissonnette.
2:07 of 2nd period - Snap shot by Kris Beech.
2:07 of 2nd period - Shot Blocked by Brandon Dubinsky.
3:39 of 2nd period - Wrist shot by Kris Beech.
3:39 of 2nd period - Stopped by Brent Krahn without a rebound.
3:40 of 2nd period - T.J. Hensick wins face-off versus Martin Hanzal in Demolitions zone.
3:42 of 2nd period - Minor Penalty to Bobby Butler for Hooking.
3:43 of 2nd period - Brandon Dubinsky wins face-off versus Martin Hanzal in Demolitions zone.
4:08 of 2nd period - Anton Babchuk is hit by Cal Clutterbuck and loses puck.
4:15 of 2nd period - Wrist shot by Patrick O'Sullivan.
4:15 of 2nd period - Deflect By Cal Clutterbuck.
4:15 of 2nd period - Stopped by Brent Krahn with a rebound.
4:17 of 2nd period - Slapshot by Boris Valabik.
4:17 of 2nd period - Stopped by Brent Krahn without a rebound.
4:18 of 2nd period - Brandon Dubinsky wins face-off versus Martin Hanzal in Demolitions zone.
5:42 of 2nd period - Penalty to Bobby Butler is over, Bobby Butler is back on ice.
5:53 of 2nd period - Snap shot by Bobby Butler.
5:53 of 2nd period - Stopped by Justin Pogge without a rebound.
5:54 of 2nd period - Raymond Sawada wins face-off versus T.J. Hensick in Ice Dragons zone.
6:46 of 2nd period - Wrist shot by Mats Zuccarello.
6:46 of 2nd period - Goal by Mats Zuccarello - Ice Dragons : 4 - Demolitions : 0.
6:46 of 2nd period - Chad Johnson enters game.
6:47 of 2nd period - Brandon Dubinsky wins face-off versus Martin Hanzal in neutral zone.
7:03 of 2nd period - Minor Penalty to Brandon Dubinsky for Hooking.
7:04 of 2nd period - Konstantin Pushkarev wins face-off versus Martin Hanzal in Demolitions zone.
7:12 of 2nd period - Anthony Stewart is hit by Mats Zuccarello and loses puck.
7:29 of 2nd period - Troy Brouwer is hit by Corban Knight and loses puck.
7:38 of 2nd period - Snap shot by Cal Clutterbuck.
7:38 of 2nd period - Shot Blocked by Anton Babchuk.
8:58 of 2nd period - Wrist shot by Darren Helm.
8:58 of 2nd period - Stopped by Justin Pogge with a rebound.
9:03 of 2nd period - Penalty to Brandon Dubinsky is over, Brandon Dubinsky is back on ice.
9:12 of 2nd period - Snap shot by Kris Beech.
9:12 of 2nd period - Goal by Kris Beech - Ice Dragons : 5 - Demolitions : 0.
9:13 of 2nd period - Brandon Dubinsky wins face-off versus Kris Beech in neutral zone.
9:24 of 2nd period - Snap shot by Anthony Stewart.
9:24 of 2nd period - Stopped by Justin Pogge with a rebound.
9:49 of 2nd period - Icing by Martin Hanzal.
9:50 of 2nd period - Brandon Dubinsky wins face-off versus Martin Hanzal in Ice Dragons zone.
10:09 of 2nd period - Snap shot by Martin Hanzal.
10:09 of 2nd period - Stopped by Chad Johnson with a rebound.
10:19 of 2nd period - Snap shot by Martin Hanzal.
10:19 of 2nd period - Shot Misses the Net.
10:33 of 2nd period - Snap shot by Anthony Stewart.
10:33 of 2nd period - Shot Misses the Net.
10:41 of 2nd period - Snap shot by Martin Hanzal.
10:41 of 2nd period - Shot Blocked by Daniel Paille.
10:51 of 2nd period - Snap shot by Martin Hanzal.
10:51 of 2nd period - Stopped by Chad Johnson without a rebound.
10:52 of 2nd period - Bobby Butler wins face-off versus Patrick O'Sullivan in Demolitions zone.
11:03 of 2nd period - Slapshot by T.J. Hensick.
11:03 of 2nd period - Stopped by Justin Pogge without a rebound.
11:04 of 2nd period - Patrick O'Sullivan wins face-off versus T.J. Hensick in Ice Dragons zone.
12:23 of 2nd period - Backhand shot by Anthony Stewart.
12:23 of 2nd period - Stopped by Justin Pogge with a rebound.
12:44 of 2nd period - Mats Zuccarello is hit by Brad Richardson.
13:37 of 2nd period - Paul Bissonnette is hit by Robert Klinkhammer and loses puck.
14:04 of 2nd period - Snap shot by Paul Bissonnette.
14:04 of 2nd period - Stopped by Chad Johnson with a rebound.
14:08 of 2nd period - Snap shot by Kris Beech.
14:08 of 2nd period - Stopped by Chad Johnson without a rebound.
14:09 of 2nd period - Brandon Dubinsky wins face-off versus Martin Hanzal in Demolitions zone.
14:37 of 2nd period - Adam Pardy is hit by Bobby Butler and loses puck.
14:42 of 2nd period - Wrist shot by Brad Richardson.
14:42 of 2nd period - Deflect By Bobby Butler.
14:42 of 2nd period - Stopped by Justin Pogge without a rebound.
14:43 of 2nd period - T.J. Hensick wins face-off versus Martin Hanzal in Ice Dragons zone.
15:30 of 2nd period - Snap shot by Jordan LaVallee.
15:30 of 2nd period - Stopped by Justin Pogge with a rebound.
15:32 of 2nd period - Wrist shot by Jordan LaVallee.
15:32 of 2nd period - Stopped by Justin Pogge without a rebound.
15:33 of 2nd period - Darren Helm wins face-off versus Shean Donovan in Ice Dragons zone.
15:42 of 2nd period - Wrist shot by Jordan LaVallee.
15:42 of 2nd period - Stopped by Justin Pogge with a rebound.
16:50 of 2nd period - Backhand shot by Shean Donovan.
16:50 of 2nd period - Shot Hit the Post.
16:52 of 2nd period - Slapshot by Kevin Klein.
16:52 of 2nd period - Deflect By John Mitchell.
16:52 of 2nd period - Shot Blocked by Peter Harrold.
16:52 of 2nd period - Puck is out of play.
16:53 of 2nd period - Martin Hanzal wins face-off versus Brandon Dubinsky in Demolitions zone.
16:53 of 2nd period - Minor Penalty to Boris Valabik for Interference.
16:54 of 2nd period - Brandon Dubinsky wins face-off versus Kris Beech in Ice Dragons zone.
17:01 of 2nd period - Snap shot by Brandon Dubinsky.
17:01 of 2nd period - Stopped by Justin Pogge with a rebound.
17:03 of 2nd period - Slapshot by Anthony Stewart.
17:03 of 2nd period - Stopped by Justin Pogge with a rebound.
17:05 of 2nd period - Wrist shot by Bobby Butler.
17:05 of 2nd period - Deflect By Brandon Dubinsky.
17:05 of 2nd period - Goal by Brandon Dubinsky - Ice Dragons : 5 - Demolitions : 1.
17:06 of 2nd period - Martin Hanzal wins face-off versus Brandon Dubinsky in neutral zone.
17:15 of 2nd period - Snap shot by Martin Hanzal.
17:15 of 2nd period - Deflect By Mats Zuccarello.
17:15 of 2nd period - Stopped by Chad Johnson with a rebound.
17:20 of 2nd period - Icing by Anthony Stewart.
17:21 of 2nd period - Patrick O'Sullivan wins face-off versus Brandon Dubinsky in Demolitions zone.
17:24 of 2nd period - Snap shot by Troy Brouwer.
17:24 of 2nd period - Shot Blocked by Brandon Dubinsky.
17:26 of 2nd period - Slapshot by Matt Walker.
17:26 of 2nd period - Shot Misses the Net.
17:28 of 2nd period - Snap shot by Boris Valabik.
17:28 of 2nd period - Shot Blocked by Tim Erixon.
17:30 of 2nd period - Slapshot by Boris Valabik.
17:30 of 2nd period - Deflect By Brandon Dubinsky.
17:30 of 2nd period - Stopped by Chad Johnson with a rebound.
17:34 of 2nd period - Slapshot by Cal Clutterbuck.
17:34 of 2nd period - Shot Blocked by Anthony Stewart.
17:36 of 2nd period - Slapshot by Matt Walker.
17:36 of 2nd period - Deflect By Anthony Stewart.
17:36 of 2nd period - Stopped by Chad Johnson with a rebound.
18:36 of 2nd period - Wrist shot by Cal Clutterbuck.
18:36 of 2nd period - Shot Misses the Net.
18:38 of 2nd period - Slapshot by Boris Valabik.
18:38 of 2nd period - Deflect By Patrick O'Sullivan.
18:38 of 2nd period - Shot Misses the Net.
18:38 of 2nd period - Puck is out of play.
18:39 of 2nd period - Brandon Dubinsky wins face-off versus Mats Zuccarello in Demolitions zone.
18:48 of 2nd period - Wrist shot by Mats Zuccarello.
18:48 of 2nd period - Stopped by Chad Johnson without a rebound.
18:49 of 2nd period - Brandon Dubinsky wins face-off versus Alexander Radulov in Demolitions zone.
19:04 of 2nd period - Snap shot by Anthony Stewart.
19:04 of 2nd period - Shot Misses the Net.
19:06 of 2nd period - Wrist shot by Daniel Paille.
19:06 of 2nd period - Stopped by Justin Pogge with a rebound.
19:08 of 2nd period - Backhand shot by Tim Erixon.
19:08 of 2nd period - Deflect By Martin Hanzal.
19:08 of 2nd period - Stopped by Justin Pogge without a rebound.
19:09 of 2nd period - Cal Clutterbuck wins face-off versus T.J. Hensick in Ice Dragons zone.
19:20 of 2nd period - Off-side.
19:21 of 2nd period - Martin Hanzal wins face-off versus Daniel Paille in neutral zone.
19:36 of 2nd period - Wrist shot by Mats Zuccarello.
19:36 of 2nd period - Stopped by Chad Johnson with a rebound.
19:48 of 2nd period - Cal Clutterbuck is hit by Brad Richardson and loses puck.
19:55 of 2nd period - Wrist shot by Brad Richardson.
19:55 of 2nd period - Shot Misses the Net.
Goals for this period are 3 for Ice Dragons vs 1 for Demolitions.
Shots for this period are 16 for Ice Dragons vs 14 for Demolitions.

3rd period


0:01 of 3rd period - Daniel Paille wins face-off versus Martin Hanzal in neutral zone.
0:03 of 3rd period - Minor Penalty to Seth Helgeson for Tripping.
0:04 of 3rd period - Brandon Dubinsky wins face-off versus Martin Hanzal in Demolitions zone.
0:09 of 3rd period - Anton Babchuk is hit by Mats Zuccarello and loses puck.
0:16 of 3rd period - Wrist shot by Brandon Dubinsky.
0:16 of 3rd period - Shot Misses the Net.
0:18 of 3rd period - Snap shot by Tim Erixon.
0:18 of 3rd period - Shot Blocked by Alexander Radulov.
0:20 of 3rd period - Backhand shot by Tim Erixon.
0:20 of 3rd period - Stopped by Justin Pogge with a rebound.
0:30 of 3rd period - Brad Richardson is hit by Adam Pardy and loses puck.
0:55 of 3rd period - Slapshot by Adam Pardy.
0:55 of 3rd period - Deflect By Troy Brouwer.
0:55 of 3rd period - Shot Blocked by Anssi Salmela.
0:55 of 3rd period - Puck is out of play.
0:56 of 3rd period - Martin Hanzal wins face-off versus Daniel Paille in Demolitions zone.
1:01 of 3rd period - Slapshot by Mats Zuccarello.
1:01 of 3rd period - Goal by Mats Zuccarello - Ice Dragons : 6 - Demolitions : 1.
1:02 of 3rd period - Brandon Dubinsky wins face-off versus Martin Hanzal in neutral zone.
1:18 of 3rd period - Kevin Klein is hit by Brandon Dubinsky and loses puck.
1:45 of 3rd period - Minor Penalty to Patrick O'Sullivan for Holding.
1:46 of 3rd period - Kris Beech wins face-off versus Brandon Dubinsky in Ice Dragons zone.
2:05 of 3rd period - Icing by Tim Erixon.
2:06 of 3rd period - Brandon Dubinsky wins face-off versus Kris Beech in Demolitions zone.
2:35 of 3rd period - Snap shot by Brad Richardson.
2:35 of 3rd period - Goal by Brad Richardson - Ice Dragons : 6 - Demolitions : 2.
2:36 of 3rd period - Brandon Dubinsky wins face-off versus Alexander Radulov in neutral zone.
2:39 of 3rd period - Anton Babchuk and Boris Valabik fight to a draw.
2:39 of 3rd period - Penalty to Anton Babchuk for Fighting.
2:39 of 3rd period - Penalty to Boris Valabik for Fighting.
2:40 of 3rd period - Brandon Dubinsky wins face-off versus Mats Zuccarello in Ice Dragons zone.
3:32 of 3rd period - Wrist shot by Raymond Sawada.
3:32 of 3rd period - Shot Misses the Net.
3:54 of 3rd period - Danny Syvret is hit by Seth Helgeson and loses puck.
4:19 of 3rd period - Slapshot by Alexander Radulov.
4:19 of 3rd period - Shot Blocked by Anthony Stewart.
4:21 of 3rd period - Snap shot by Mats Zuccarello.
4:21 of 3rd period - Shot Misses the Net.
4:33 of 3rd period - Backhand shot by Paul Bissonnette.
4:33 of 3rd period - Shot Misses the Net.
5:07 of 3rd period - Wrist shot by Anthony Stewart.
5:07 of 3rd period - Shot Blocked by Troy Brouwer.
5:09 of 3rd period - Slapshot by Brandon Dubinsky.
5:09 of 3rd period - Stopped by Justin Pogge with a rebound.
5:23 of 3rd period - Snap shot by Daniel Paille.
5:23 of 3rd period - Shot Hit the Post.
5:25 of 3rd period - Wrist shot by Brandon Dubinsky.
5:25 of 3rd period - Stopped by Justin Pogge without a rebound.
5:26 of 3rd period - T.J. Hensick wins face-off versus Alexander Radulov in Ice Dragons zone.
5:35 of 3rd period - Slapshot by T.J. Hensick.
5:35 of 3rd period - Stopped by Justin Pogge with a rebound.
5:52 of 3rd period - Konstantin Pushkarev is hit by Tyler Eckford and loses puck.
5:57 of 3rd period - Snap shot by Paul Bissonnette.
5:57 of 3rd period - Stopped by Chad Johnson without a rebound.
5:58 of 3rd period - T.J. Hensick wins face-off versus Kris Beech in Demolitions zone.
5:58 of 3rd period - T.J. Hensick is hit by Kris Beech.
6:07 of 3rd period - Wrist shot by Kris Beech.
6:07 of 3rd period - Shot Misses the Net.
6:09 of 3rd period - Wrist shot by Danny Syvret.
6:09 of 3rd period - Deflect By Kris Beech.
6:09 of 3rd period - Shot Blocked by Brad Richardson.
6:09 of 3rd period - Puck is out of play.
6:10 of 3rd period - Martin Hanzal wins face-off versus T.J. Hensick in Demolitions zone.
6:13 of 3rd period - Wrist shot by Mats Zuccarello.
6:13 of 3rd period - Stopped by Chad Johnson with a rebound.
6:15 of 3rd period - Snap shot by Mats Zuccarello.
6:15 of 3rd period - Stopped by Chad Johnson without a rebound.
6:16 of 3rd period - Bobby Butler wins face-off versus Martin Hanzal in Demolitions zone.
6:23 of 3rd period - Wrist shot by T.J. Hensick.
6:23 of 3rd period - Shot Blocked by Adam Pardy.
7:03 of 3rd period - Cal Clutterbuck is hit by Konstantin Pushkarev.
7:23 of 3rd period - Snap shot by Robert Klinkhammer.
7:23 of 3rd period - Stopped by Justin Pogge without a rebound.
7:24 of 3rd period - Corban Knight wins face-off versus Kris Beech in Ice Dragons zone.
7:50 of 3rd period - Spencer Machacek is hit by Raymond Sawada and loses puck.
8:40 of 3rd period - Backhand shot by Robert Klinkhammer.
8:40 of 3rd period - Stopped by Justin Pogge with a rebound.
8:42 of 3rd period - Wrist shot by Corban Knight.
8:42 of 3rd period - Stopped by Justin Pogge with a rebound.
8:56 of 3rd period - Snap shot by Robert Klinkhammer.
8:56 of 3rd period - Stopped by Justin Pogge without a rebound.
8:57 of 3rd period - Brandon Dubinsky wins face-off versus Martin Hanzal in Ice Dragons zone.
8:58 of 3rd period - Wrist shot by Daniel Paille.
8:58 of 3rd period - Shot Misses the Net.
9:59 of 3rd period - Wrist shot by Brandon Dubinsky.
9:59 of 3rd period - Shot Misses the Net.
10:01 of 3rd period - Slapshot by Tim Erixon.
10:01 of 3rd period - Shot Misses the Net.
10:03 of 3rd period - Wrist shot by Brandon Dubinsky.
10:03 of 3rd period - Shot Misses the Net.
10:05 of 3rd period - Wrist shot by Brandon Dubinsky.
10:05 of 3rd period - Stopped by Justin Pogge with a rebound.
10:07 of 3rd period - Snap shot by Brandon Dubinsky.
10:07 of 3rd period - Deflect By Matt Walker.
10:07 of 3rd period - Shot Misses the Net.
10:07 of 3rd period - Puck is out of play.
10:08 of 3rd period - T.J. Hensick wins face-off versus Martin Hanzal in Ice Dragons zone.
11:00 of 3rd period - Wrist shot by T.J. Hensick.
11:00 of 3rd period - Shot Misses the Net.
11:02 of 3rd period - Slapshot by Bobby Butler.
11:02 of 3rd period - Shot Blocked by Shean Donovan.
11:04 of 3rd period - Snap shot by Tim Erixon.
11:04 of 3rd period - Shot Blocked by John Mitchell.
11:06 of 3rd period - Slapshot by Tim Erixon.
11:06 of 3rd period - Shot Misses the Net.
11:08 of 3rd period - Slapshot by Anton Babchuk.
11:08 of 3rd period - Stopped by Justin Pogge without a rebound.
11:09 of 3rd period - Martin Hanzal wins face-off versus Darren Helm in Ice Dragons zone.
11:20 of 3rd period - Backhand shot by Mats Zuccarello.
11:20 of 3rd period - Stopped by Chad Johnson with a rebound.
11:59 of 3rd period - Paul Bissonnette is hit by Brandon Dubinsky and loses puck.
13:51 of 3rd period - Brandon Dubinsky is hit by Paul Bissonnette.
13:57 of 3rd period - Raymond Sawada is hit by Daniel Paille.
14:05 of 3rd period - Raymond Sawada is hit by Anthony Stewart and loses puck.
14:20 of 3rd period - Snap shot by Daniel Paille.
14:20 of 3rd period - Stopped by Justin Pogge without a rebound.
14:21 of 3rd period - Martin Hanzal wins face-off versus T.J. Hensick in Ice Dragons zone.
14:45 of 3rd period - Icing by Brad Richardson.
14:46 of 3rd period - T.J. Hensick wins face-off versus Patrick O'Sullivan in Demolitions zone.
15:34 of 3rd period - Boris Valabik is hit by T.J. Hensick and loses puck.
16:05 of 3rd period - Snap shot by Cal Clutterbuck.
16:05 of 3rd period - Goal by Cal Clutterbuck - Ice Dragons : 7 - Demolitions : 2.
16:06 of 3rd period - Martin Hanzal wins face-off versus Brandon Dubinsky in neutral zone.
16:53 of 3rd period - Minor Penalty to Frazer Mclaren for Hooking.
16:54 of 3rd period - T.J. Hensick wins face-off versus Kris Beech in Ice Dragons zone.
17:27 of 3rd period - Off-side.
17:28 of 3rd period - T.J. Hensick wins face-off versus Cal Clutterbuck in neutral zone.
17:31 of 3rd period - Snap shot by T.J. Hensick.
17:31 of 3rd period - Shot Blocked by Danny Syvret.
17:33 of 3rd period - Snap shot by Daniel Paille.
17:33 of 3rd period - Goal by Daniel Paille - Ice Dragons : 7 - Demolitions : 3.
17:34 of 3rd period - Brandon Dubinsky wins face-off versus Martin Hanzal in neutral zone.
17:37 of 3rd period - Brandon Dubinsky and Mats Zuccarello fight to a draw.
17:37 of 3rd period - Penalty to Brandon Dubinsky for Fighting.
17:37 of 3rd period - Penalty to Mats Zuccarello for Fighting.
17:38 of 3rd period - Darren Helm wins face-off versus Martin Hanzal in Ice Dragons zone.
17:49 of 3rd period - Snap shot by Adam Pardy.
17:49 of 3rd period - Shot Misses the Net.
17:53 of 3rd period - Snap shot by Troy Brouwer.
17:53 of 3rd period - Shot Misses the Net.
18:10 of 3rd period - Snap shot by Kris Beech.
18:10 of 3rd period - Stopped by Chad Johnson without a rebound.
18:11 of 3rd period - Troy Brouwer wins face-off versus Darren Helm in Demolitions zone.
19:02 of 3rd period - Snap shot by John Mitchell.
19:02 of 3rd period - Shot Misses the Net.
Goals for this period are 2 for Ice Dragons vs 2 for Demolitions.
Shots for this period are 7 for Ice Dragons vs 13 for Demolitions.


Output by the SimonT Hockey Simulator (STHS) for François Prévost -- Original Page W3C XHTML 1.0 Valid
Hockey Simulator - Hockey Simulation - Hockey Manager